AoeStats
← joosephy

Fortress

507964865Analyzed
4v4 RM · 12d ago on Sep 20, 2026· 47m 12s· 8 players
Game mode
Random Map
Map size
Huge
Population
200
Speed
Normal
Resources
Standard
Victory
Conquest
Starting age
Dark Age
Ending age
Imperial Age
RankedLock teamsTeams togetherTeam positionsShared explorationLock speedFull tech treeHidden civsTurbo modeCheats
Victory
Defeat
🇹🇷 Mongols · Türkiye
1562
+15
🇨🇭 Hindustanis · Switzerland
1556
+15
🇹🇼 Persians · Taiwan
1538
+16
🇹🇼 Britons · Taiwan
1534
+16
🇨🇳 Persians · China
1683
-21
🇭🇰 Bohemians · Hong Kong SAR China
1528
-15
🇰🇿 Japanese · Kazakhstan
1496
-14
🇹🇼 Koreans · Taiwan
1441
-12
Zlap
8:05 Feudal Age
11:47 Castle Age
9:34 Double-Bit Axe
9:30 Horse Collar
12:05 Loom
13:37 Bow Saw
15:02 Heavy Plow
16:06 Wheelbarrow
15:55 Bow Saw
18:49 Gold Mining
19:14 Town Watch
20:44 Arson
21:00 Squires
21:01 Scale Mail Armor
21:24 Grand Trunk Road
22:33 Forging
23:43 Chain Mail Armor
24:04 Iron Casting
24:15 Hand Cart
28:29 Imperial Age
26:28 Scale Barding Armor
27:11 Stone Mining
27:56 Gold Shaft Mining
27:42 Chain Barding Armor
28:07 Coinage
28:00 Husbandry
28:11 Bloodlines
28:23 Caravan
28:33 Heavy Camel Rider
29:50 Plate Barding Armor
30:17 Blast Furnace
29:45 Fervor
31:01 Two-Man Saw
31:05 Conscription
30:47 Devotion
31:24 Redemption
31:35 Sanctity
31:31 Block Printing
31:43 Illumination
31:10 Imperial Camel Rider
33:11 Fletching
33:18 Murder Holes
34:09 Banking
36:40 Siege Elephant
38:24 Chemistry
40:02 Bodkin Arrow
39:28 Light Cavalry
41:41 Siege Engineers
41:49 Hussar
43:07 Town Patrol
44:47 Ballistics
ATABEY
6:21 Feudal Age
11:33 Castle Age
10:14 Double-Bit Axe
10:36 Horse Collar
20:24 Imperial Age
18:54 Fletching
19:38 Loom
27:44 Gold Mining
28:06 Bodkin Arrow
30:01 Bracer
30:54 Ballistics
31:07 Padded Archer Armor
35:31 Chemistry
37:14 Leather Archer Armor
40:17 Elite Mangudai
joosephy
5:29 Loom
7:16 Feudal Age
11:00 Castle Age
8:49 Double-Bit Axe
10:07 Horse Collar
17:37 Wheelbarrow
18:19 Bow Saw
19:49 Heavy Plow
19:37 Loom
21:14 Scale Barding Armor
21:19 Forging
21:49 Bloodlines
24:45 Chain Barding Armor
25:47 Iron Casting
29:28 Imperial Age
27:43 Husbandry
30:24 Plate Barding Armor
29:11 Cavalier
30:15 Hand Cart
30:49 Fletching
32:03 Chemistry
31:04 Town Watch
33:57 Blast Furnace
32:52 Bodkin Arrow
32:24 Heavy Cavalry Archer
34:05 Parthian Tactics
33:06 Light Cavalry
33:07 Savar
34:24 Padded Archer Armor
35:16 Hussar
39:18 Caravan
39:17 Capped Ram
42:05 Leather Archer Armor
41:34 Siege Ram
44:29 Thumb Ring
44:49 Ballistics
yclin124
7:59 Feudal Age
11:31 Castle Age
9:29 Double-Bit Axe
9:30 Horse Collar
10:16 Gold Mining
12:43 Bow Saw
12:33 Heavy Plow
13:46 Gold Shaft Mining
18:03 Loom
18:53 Wheelbarrow
18:03 Loom
20:42 Hand Cart
20:28 Fletching
20:38 Padded Archer Armor
22:13 Bodkin Arrow
30:28 Ballistics
32:49 Imperial Age
30:06 Town Watch
30:58 Treadmill Crane
30:48 Crossbowman
33:13 Arbalester
33:53 Bracer
34:33 Conscription
36:27 Chemistry
35:44 Leather Archer Armor
37:44 Masonry
37:46 Fortified Wall
38:49 Yeomen
37:58 Elite Skirmisher
40:12 Ring Archer Armor
40:25 Caravan
43:41 Town Patrol
44:03 Warwolf
47:50 Coinage
Choso
8:16 Feudal Age
12:16 Castle Age
10:15 Double-Bit Axe
14:39 Scale Mail Armor
17:44 Loom
22:23 Forging
27:54 Wheelbarrow
30:02 Chain Mail Armor
38:08 Imperial Age
35:50 Bow Saw
36:25 Crossbowman
37:11 Thumb Ring
36:28 Elite Skirmisher
36:59 Fletching
37:10 Padded Archer Armor
38:51 Ballistics
38:40 Bodkin Arrow
38:25 Arbalester
39:11 Capped Ram
40:46 Bracer
41:26 Gold Mining
42:13 Leather Archer Armor
43:46 Chemistry
冬瀑
7:20 Feudal Age
11:14 Castle Age
9:28 Double-Bit Axe
9:50 Horse Collar
11:56 Bow Saw
17:32 Town Watch
18:53 Wheelbarrow
19:57 Loom
20:14 Heavy Plow
20:07 Gold Mining
20:08 Stone Mining
20:56 Stone Mining
23:40 Gold Shaft Mining
23:40 Stone Shaft Mining
26:25 Imperial Age
24:18 Scale Barding Armor
24:24 Forging
24:59 Bloodlines
24:49 Husbandry
25:38 Hand Cart
26:37 Iron Casting
26:54 Elite War Elephant
29:04 Blast Furnace
28:09 Devotion
28:51 Caravan
29:56 Chain Barding Armor
29:57 Conscription
30:45 Faith
31:17 Masonry
31:48 Plate Barding Armor
37:06 Masonry
38:16 Coinage
39:07 Two-Man Saw
38:39 Crop Rotation
39:27 Banking
39:11 Guilds
40:18 Architecture
41:16 Hoardings
41:07 Fletching
dennis2_02
7:28 Feudal Age
9:14 Loom
11:55 Castle Age
10:03 Double-Bit Axe
10:10 Horse Collar
13:32 Bow Saw
15:42 Heavy Plow
22:59 Wheelbarrow
26:10 Imperial Age
25:06 Chemistry
24:42 Forging
24:32 Scale Mail Armor
25:41 Hand Cart
26:26 Iron Casting
25:17 Pikeman
26:06 Squires
26:42 Chain Mail Armor
26:24 Halberdier
28:31 Two-Man Saw
28:49 Conscription
28:36 Wagenburg Tactics
29:03 Plate Mail Armor
29:33 Blast Furnace
31:39 Houfnice
32:36 Padded Archer Armor
33:51 Leather Archer Armor
39:24 Guilds
46:49 Ring Archer Armor
46:22 Caravan
菜就怪隊友
5:34 Loom
7:24 Feudal Age
8:41 Loom
11:32 Castle Age
9:19 Double-Bit Axe
10:24 Fletching
12:10 Bodkin Arrow
12:35 Horse Collar
28:25 Ballistics
28:44 Heavy Plow
32:27 Wheelbarrow
32:35 Town Watch
40:40 Imperial Age
38:16 Eupseong
41:43 Conscription
42:29 Chemistry
40:55 Elite War Wagon
43:34 Bracer
43:34 Murder Holes
44:35 Arrowslits
Connection lost

Rejoining the realm…

Still unreachable

The connection could not be restored.

Session expired

The server has moved on; the page needs a fresh start.